 Dungeon Crawl Stone Soup version 0.27.1-33-g824d729ab1 (webtiles) character file.

Game seed: 8834654415383708762

225 zeram the Covert (level 6, -4/39 HPs)
             Began as an Octopode Brigand on Dec 24, 2021.
             Slain by a yak (7 damage)
             ... on level 3 of the Dungeon.
             The game lasted 00:01:56 (1600 turns).

zeram the Covert (Octopode Brigand)                 Turns: 1600, Time: 00:01:57

Health: -4/39      AC:  1    Str: 10    XL:     6   Next: 1%
Magic:  6/6        EV: 13    Int: 16    God:
Gold:   83         SH:  0    Dex: 13    Spells: 5/5 levels left

rFire    . . .     SeeInvis .   a - +2 dagger
rCold    . . .     Faith    .   (no shield)
rNeg     . . .     Spirit   .   (helmet restricted)
rPois    .         Reflect  .   (no amulet)
rElec    .         Harm     .   (no ring)
rCorr    .         Rampage  .   (no ring)
Will     .....                  (no ring)
Stlth    +++++.....             (no ring)
HPRegen  0.13/turn              (no ring)
MPRegen  0.10/turn              (no ring)
                                (no ring)
                                (no ring)

@: no status effects
A: almost no armour, amphibious, 8 rings, camouflage 1, gelatinous body 1,
(nimble swimmer 1), tentacles
a: no special abilities


You were on level 3 of the Dungeon.
You visited 1 branch of the dungeon, and saw 4 of its levels.

You collected 83 gold pieces.

Inventory:

Hand Weapons
 a - a +2 dagger (weapon)
Missiles
 b - 8 poisoned darts (quivered)
 c - 2 curare-tipped darts
Jewellery
 m - a ring of protection from fire
Wands
 l - a wand of flame (22)
Scrolls
 d - a scroll of vulnerability
 e - 2 scrolls of enchant weapon {unknown}
 f - 2 scrolls of summoning {unknown}
 j - a scroll of identify {unknown}
Potions
 g - a potion of curing {unknown}
 h - a potion of degeneration {unknown}
 i - a potion of magic {unknown}
 k - a potion of mutation {unknown}


   Skills:
 - Level 2.0 Fighting
 + Level 2.8 Short Blades
 - Level 2.0 Throwing
 + Level 2.0 Dodging
 + Level 8.9 Stealth


You had 5 spell levels left.
You didn't know any spells.
Your spell library was empty.

Dungeon Overview and Level Annotations

Branches:
Dungeon (4/15)
 Temple: D:4-7

Altars:
The Shining One

Annotations:
D:3 Grinder


Innate Abilities, Weirdness & Mutations

You cannot wear most types of armour.
You are amphibious.
You can wear up to eight rings at the same time.
Your skin changes colour to match your surroundings (Stealth+).
Your rubbery body absorbs attacks. (AC +1, EV +1)
((You are camouflaged near water. (Stealth+)))
You have tentacles for arms and can constrict up to eight enemies at once.


Message History

The centaur zombie hits you. The centaur zombie kicks you.
You hit the centaur zombie.
The centaur zombie is severely damaged.
The centaur zombie closely misses you. The centaur zombie kicks you.
You hit the centaur zombie. You squeeze the centaur zombie.
The centaur zombie is almost destroyed.
The yak bellows!
The centaur zombie hits you. The centaur zombie kicks you.
You barely miss the centaur zombie. Your squeeze misses the centaur zombie.
The centaur zombie is almost destroyed.
A quokka comes into view.
The centaur zombie misses you. The centaur zombie kicks you.
You barely miss the centaur zombie.
The centaur zombie is almost destroyed.
The centaur zombie hits you.
* * * LOW HITPOINT WARNING * * *
The centaur zombie closely misses you.
You hit the centaur zombie but do no damage.
The centaur zombie is almost destroyed.
The centaur zombie hits you but does no damage.
The centaur zombie closely misses you.
You hit the centaur zombie.
The centaur zombie is almost destroyed.
The centaur zombie barely misses you. The centaur zombie kicks you.
* * * LOW HITPOINT WARNING * * *
You hit the centaur zombie.
You destroy the centaur zombie!
Your Dodging skill increases to level 2!
You have reached level 6!
Your experience leads to an increase in your attributes!
Increase (S)trength, (I)ntelligence, or (D)exterity?
You feel clever.
There is a stone staircase leading up here.
You climb upwards.
Level annotation: Grinder The orc hits you with a +0 hand axe.
* * * LOW HITPOINT WARNING * * *
There is a stone staircase leading down here.
The yak gores you!
You die...

....5S....................
..........................
......S.#.................
.##. #.#.................
.... #.#..............#
..... #.#..............#
.....##.#..............#
........#..............#
..^......#....##@##....##
..............S.>Y......#
.........#....#..o......#
......####....#.........#
....#.#########..........#
#...#.##.................#
#...#.##.................#
#...#.##.................#
#.......................##


You could see a yak, an orc and a ball python.

Vanquished Creatures
  A yak (D:4)
  A centaur zombie (D:4)
  A dart slug (D:1)
  6 ball pythons
  5 bats
  5 endoplasms
  6 goblins
  2 quokkas
  A frilled lizard (D:2)
  5 kobolds
  3 rats
36 creatures vanquished.

Notes
Turn   | Place    | Note
-------+----------+-------------------------------------------
     0 | D:1      | zeram the Octopode Brigand began the quest for the Orb.
     0 | D:1      | Reached XP level 1. HP: 14/14 MP: 1/1
   167 | D:1      | Reached XP level 2. HP: 19/19 MP: 2/2
   247 | D:1      | Reached skill level 6 in Stealth
   655 | D:2      | Reached XP level 3. HP: 24/24 MP: 3/3
   720 | D:2      | Found a glowing golden altar of the Shining One.
  1456 | D:3      | Noticed Grinder
  1563 | D:4      | Noticed a yak
  1563 | D:4      | Noticed a yak
  1564 | D:4      | Noticed a yak
  1564 | D:4      | Noticed a yak
  1564 | D:4      | Noticed a yak
  1569 | D:4      | Killed a yak
  1570 | D:4      | Reached skill level 8 in Stealth
  1570 | D:4      | Reached XP level 4. HP: 29/29 MP: 4/4
  1570 | D:4      | Reached XP level 5. HP: 34/34 MP: 5/5
  1586 | D:4      | Reached XP level 6. HP: 6/39 MP: 6/6
  1600 | D:3      | Slain by a yak

Illustrated notes

Levels and vault maps discovered:
D:1:      scummos_arrival_forest, layout_basic
D:2:      layout_loops_cross, basic_altar, due_unseen_surprise
D:3:      layout_basic, uniq_sigmund, uniq_grinder, uniq_robin, uniq_ijyb
D:4:      layout_basic, minmay_temple_entry_mist, corner_web_ring, st_stairs_2,
          dk_noncrumbling_3

Skill      XL: |  1  2  3  4  5 |
---------------+----------------+-----
Stealth        | 6 8 |  8.9
Dodging        | 2 |  2.0
Fighting       | |  2.0
Short Blades   | |  2.8
Throwing       | |  2.0

Action                   |  1- 3 |  4- 6 || total
-------------------------+-------+-------++-------
Melee: Dagger            |    58 |    16 ||    74
       Constrict         |    11 |       ||    11
       Tentacles         |     8 |     4 ||    12
  Use: Scroll            |     1 |       ||     1
 Stab: Sleeping          |    19 |       ||    19
Armor: Skin              |     3 |     3 ||     6
Dodge: Dodged            |    31 |    15 ||    46
